 Dungeon Crawl Stone Soup version 0.30-a0-782-ge64f9170bb (webtiles) character file.

Game seed: 1892275733735395036

217342 Flugkiller the Spry (level 18, 0/136 (146) HPs)
             Began as a Demonspawn Artificer on Feb 26, 2023.
             Was the Champion of Makhleb.
             Slain by a spark wasp (17 damage)
             ... on level 4 of the Spider Nest.
             The game lasted 01:31:40 (44678 turns).

Flugkiller the Spry (Demonspawn Artificer)         Turns: 44678, Time: 01:31:40

HP:   0/136 (146)   AC: 19    Str: 14 (15) XL:     18   Next: 76%
MP:   21/29         EV: 14    Int: 14 (15) God:    Makhleb [******]
Gold: 4126          SH:  0    Dex: 31 (32) Spells: 21/32 levels left

rFire   . . .      SeeInvis .    e - +6 double sword of the Beast {elec, Str+3}
rCold   + . .      Faith    .    (no shield)
rNeg    . . .      Spirit   .    L - +2 ring mail {rPois}
rPois   +          Reflect  .    R - +1 helmet
rElec   .          Harm     .    H - +1 cloak {Will+}
rCorr   .          Rampage  ∞    (gloves unavailable)
Will    ++...                    k - +3 pair of seven-league boots {Rampage+∞}
Stlth   ++                       I - amulet of regeneration
HPRegen 1.22/turn                M - +6 ring of dexterity
MPRegen 0.21/turn                f - +6 ring of dexterity

@: held, drained
A: icy blue scales 3, spiny 3, demonic magic 3, demonic touch 3
a: Renounce Religion, Minor Destruction, Lesser Servant of Makhleb, Major
Destruction, Greater Servant of Makhleb


You were on level 4 of the Spider Nest.
You worshipped Makhleb.
Makhleb was exalted by your worship.
You visited 5 branches of the dungeon, and saw 29 of its levels.
You visited the Abyss 2 times.
You also visited: Gauntlet and Ice Cave.

You collected 4357 gold pieces.
You spent 231 gold pieces at shops.

Inventory:

Hand Weapons
 e - the +6 double sword of the Beast (weapon) {elec, Str+3}
   (You took it off a deep elf blademaster on level 3 of the Elven Halls)

   Str:       It affects your strength (+3).
 v - the +6 scimitar of Flugkiller's Woe {venom, Fly rElec rC+++ Str+2}
   (You took it off a deep elf sorcerer on level 3 of the Elven Halls)

   Str:       It affects your strength (+2).
   rC:        It renders you almost immune to cold.
   rElec:     It insulates you from electricity.
   Fly:       It grants you flight.
Missiles
 g - 4 curare-tipped darts
 S - 3 throwing nets
Armour
 k - the +3 pair of seven-league boots (worn) {Rampage+∞}
   (You found it on level 3 of the Lair of Beasts)

   Rampage+∞: When moving toward enemies, its wearer moves as far as possible.
 C - an orb of guile
   (You found it on level 14 of the Dungeon)
 H - a +1 cloak of willpower (worn)
   (You found it in a Gauntlet)
 L - a +2 ring mail of poison resistance (worn)
   (You found it on level 8 of the Dungeon)
 O - a +2 cloak
   (You found it on level 8 of the Dungeon)
 R - a +1 helmet (worn)
   (You found it on level 10 of the Dungeon)
Jewellery
 c - a ring of protection from cold
   (You found it on level 2 of the Spider Nest)
 f - a +6 ring of dexterity (right hand)
   (You found it on level 15 of the Dungeon)
 i - a ring of see invisible
   (You found it on level 5 of the Dungeon)
 p - a ring of protection from fire
   (You found it on level 10 of the Dungeon)
 I - an amulet of regeneration (around neck)
   (You found it on level 2 of the Spider Nest)
 M - a +6 ring of dexterity (left hand)
   (You found it in a Gauntlet)
 V - a ring of wizardry
   (You found it on level 11 of the Dungeon)
Wands
 b - a wand of roots (10)
   (You found it on level 3 of the Lair of Beasts)
 m - a wand of charming (13)
 A - a wand of digging (5)
   (You found it on level 4 of the Lair of Beasts)
 B - a wand of flame (75) (quivered)
 E - a wand of acid (7)
   (You found it on level 5 of the Dungeon)
 J - a wand of mindburst (1)
   (You found it on level 8 of the Dungeon)
 K - a wand of paralysis (10)
   (You found it on level 8 of the Dungeon)
Scrolls
 j - a scroll of vulnerability
 o - 2 scrolls of torment
 r - a scroll of enchant armour
 s - 2 scrolls of silence
 t - 5 scrolls of teleportation
 u - 6 scrolls of immolation
 z - 3 scrolls of blinking
 G - 3 scrolls of summoning
 N - 4 scrolls of poison
 P - 8 scrolls of fog
 Z - a scroll of magic mapping
Potions
 a - 5 potions of lignification
 d - 6 potions of might
 h - 8 potions of haste
 n - 3 potions of resistance
 q - 4 potions of brilliance
 x - 9 potions of mutation
 y - 3 potions of ambrosia
 D - 8 potions of attraction
 F - 2 potions of berserk rage
 Q - a potion of invisibility
 T - 2 potions of flight
 U - 2 potions of cancellation
 Y - 3 potions of magic
Miscellaneous
 w - a lightning rod (4/4)
   (You found it on level 3 of the Elven Halls)
 W - a phial of floods
   (You found it on level 2 of the Lair of Beasts)
 X - a box of beasts
   (You found it on level 14 of the Dungeon)


   Skills:
 - Level 14.0 Fighting
 + Level 13.7 Long Blades
 - Level 4.0 Polearms
 - Level 6.0 Ranged Weapons
 - Level 1.7 Armour
 - Level 16.0 Dodging
 - Level 0.8 Stealth
 + Level 7.6 Spellcasting
 - Level 1.0 Conjurations
 - Level 10.0 Necromancy
 + Level 5.5 Translocations
 - Level 4.0 Ice Magic
 - Level 10.0 Earth Magic
 - Level 14.0 Invocations
 - Level 8.0 Evocations


You had 21 spell levels left.
You knew the following spells:

 Your Spells              Type           Power      Damage    Failure   Level
a - Freeze                Ice            64%        1d7       4%          1
b - Borgnjor's Vile Clut  Necr/Erth      16%        N/A       12%         5
c - Vhi's Electric Charg  Tloc/Air       26%        N/A       26%         3
d - Lesser Beckoning      Tloc           42%        N/A       4%          2

Your spell library contained the following spells:

 Spells                   Type           Power      Damage    Failure   Level
 Necrotise                Necr           100%       1d9       1%          1
 Sandblast                Erth           66%        2d15      1%          1
 Vampiric Draining        Necr           33%        2d8       1%          3
 Apportation              Tloc           42%        N/A       2%          1
 Blink                    Tloc           42%        N/A       4%          2
 Passwall                 Tmut/Erth      15%        N/A       4%          2
 Animate Dead             Necr           33%        N/A       4%          4
 Dispel Undead            Necr           33%        3d14      4%          4
 Gell's Gravitas          Tloc           21%        N/A       8%          3
 Teleport Other           Tloc           21%        N/A       8%          3
 Stone Arrow              Conj/Erth      40%        3d9       9%          3
 Cigotuvi's Dreadful Rot  Necr/Pois/Air  28%        N/A       10%         2
 Momentum Strike          Conj/Tloc      28%        3d8       11%         2
 Agony                    Necr           33%        N/A       12%         5
 Frozen Ramparts          Ice            32%        1d5       16%         3
 Ozocubu's Armour         Ice            16%        N/A       16%         3
 Foxfire                  Conj/Fire      24%        2x1d5     22%         1
 Shock                    Conj/Air       24%        1d4       22%         1
 Slow                     Hex            20%        N/A       26%         1
 Summon Small Mammal      Summ           20%        N/A       26%         1
 Portal Projectile        Hex/Tloc       26%        N/A       26%         3
 Manifold Assault         Tloc           21%        N/A       26%         4
 Hailstorm                Conj/Ice       12%        3d5       28%         3
 Static Discharge         Conj/Air       12%        2-3/arc   32%         2
 Animate Armour           Summ/Erth      38%        N/A       32%         4
 Kindle Blastsparks       Fire/Tloc/Air  20%        2d11      36%         3
 Dazzling Flash           Conj/Hex       12%        N/A       54%         3
 Death Channel            Necr           16%        N/A       54%         6
 Call Canine Familiar     Summ           5%         N/A       61%         3
 Confusing Touch          Hex            5%         N/A       61%         3
 Ignite Poison            Fire/Tmut/Pois 5%         N/A       61%         3
 Summon Guardian Golem    Hex/Summ       5%         N/A       61%         3
 Swiftness                Air            5%         N/A       61%         3
 Tukima's Dance           Hex            5%         N/A       61%         3
 Airstrike                Air            2%         2d(1-17)  95%         4
 Cause Fear               Hex            2%         N/A       95%         4
 Summon Lightning Spire   Summ/Air       5%         N/A       95%         4
 Freezing Cloud           Conj/Ice/Air   5%         6-21      98%         5
 Arcjolt                  Conj/Air       3%         1d13      99%         5
 Fireball                 Conj/Fire      3%         3d4       99%         5
 Lightning Bolt           Conj/Air       3%         1d14      99%         5
 Dispersal                Tloc           10%        N/A       99%         6
 Iron Shot                Conj/Erth      10%        9d3       99%         6
 Alistair's Intoxication  Tmut/Pois      3%         N/A       100%        5
 Blade Hands              Tmut           2%         N/A       100%        5
 Silence                  Hex/Air        2%         N/A       100%        5
 Yara's Violent Unravell  Hex/Tmut       2%         3d3       100%        5
 Dragon Form              Tmut           2%         N/A       100%        7
 Enfeeble                 Hex            2%         N/A       100%        7
 Ozocubu's Refrigeration  Ice            8%         4d9       100%        7
 Storm Form               Tmut/Air       2%         N/A       100%        7
 Disjunction              Tloc           10%        N/A       100%        8
 Lehudib's Crystal Spear  Conj/Erth      10%        10d4      100%        8
 Maxwell's Capacitive Co  Air            2%         ∞         100%        8


Dungeon Overview and Level Annotations

Branches:
Dungeon (15/15) Zot: 24885  Temple (0/1) D:4            Lair (5/5) D:11 Zot: 21981
  Swamp (0/4) Lair:3       Spider (4/4) Lair:3 Zot: 21258   Slime (0/5) Lair:5
    Orc (2/2) D:9 Zot: 9909     Elf (3/3) Orc:2 Zot: 10726  Vaults (0/5) D:14
 Depths (0/4) D:15          IceCv (visited)         Gauntlet (visited)

Altars:
Makhleb
Uskayaw
Vehumet

Shops:
Orc:2 *[(:(   Elf:1 [?

Portals:
Trove: D:11 (give +6 demon blade)

Annotations:
D:9 2 transporters, pener's ghost, journeyman MiHu
D:10 Josephine


Innate Abilities, Weirdness & Mutations

You are completely covered in icy blue scales. (AC +4, rC+)
You are completely covered in sharp spines.
Spells you cast and wands you use may paralyse nearby enemies.
Your touch may irresistibly damage your foes and sap their willpower.


Message History

The zombie hands constrict the redback!
You hear a shout!
The jumping spider struggles to leap free from constriction.
The jumping spider leaps!
The jumping spider leaps free!
A jorogumo comes into view.
You stride towards the redback!
The helpless redback fails to defend itself.
You cut the redback into ribbons!!!
You kill the redback!
Makhleb accepts your kill.
The spark wasp buzzes angrily.
You stride towards the spark wasp!
You slice the spark wasp!!
The spark wasp is moderately wounded.
The spark wasp is struck by your spines.
The spark wasp closely misses you.
The jumping spider leaps!
Unknown command.
You closely miss the spark wasp.
The spark wasp is heavily wounded.
The jumping spider leaps!
The spark wasp stings you! The spark wasp shocks you!
The jorogumo stares at you and mumbles some strange words.
The stream of webbing hits you but does no damage.
You are caught in a web!
You struggle to detach yourself from the web.
The spark wasp is struck by your spines.
The spark wasp closely misses you. The jorogumo hits you!
The spark wasp barely misses you.
The jumping spider is struck by your spines.
The jumping spider pounces on you but does no damage.
The jumping spider misses you.
Unknown command.
The web tears apart.
The spark wasp closely misses you. The jumping spider pounces on you!
The jumping spider bites you but does no damage.
The jorogumo is struck by your spines.
The jorogumo hits you but does no damage.
Unknown command.
You slash the spark wasp!
The spark wasp is severely wounded.
The spark wasp bursts into living lightning!
The living lightning misses you.
The spark wasp blinks!
The jumping spider leaps!
The jorogumo hits you but does no damage.
Unknown command.
Casting: Borgnjor's Vile Clutch (dangerous; 12% risk of failure)
Confirm with . or Enter, or press ? or * to list all spells.
Aiming: Borgnjor's Vile Clutch (dangerous; 12% risk of failure)
Press: ? - help, Shift-Dir - straight line, f - jorogumo
Aim: a jorogumo (lightly wounded, 100% to hit)
Zombie hands grab the jorogumo.
Malevolent energies surge around you.
The jumping spider suddenly stops moving!
The zombie hands constrict the jorogumo.
The jorogumo misses you.
Unknown command.
The helpless jumping spider fails to defend itself.
You slice the jumping spider!!
You touch the jumping spider.
You kill the jumping spider!
Makhleb accepts your kill.
You feel better.
The zombie hands constrict the jorogumo.
The jorogumo stares at you and mumbles some strange words.
The stream of webbing hits you but does no damage.
You are caught in a web!
Unknown command.
The web tears apart.
The zombie hands constrict the jorogumo!
The jorogumo stares at you and mumbles some strange words.
The stream of webbing misses you.
You slash the jorogumo!
You touch the jorogumo!
You sap its willpower!
The jorogumo is severely wounded.
The zombie hands constrict the jorogumo.
The jumping spider barely misses you.
The jumping spider completely misses you.
The jorogumo stares at you and mumbles some strange words.
The stream of webbing hits you but does no damage.
You are caught in a web!
The spark wasp misses you.
The jumping spider is struck by your spines.
The jumping spider misses you.
The jumping spider bites you but does no damage.
You struggle to detach yourself from the web.
The zombie hands constrict the jorogumo!
The zombie hands release their grip on the jorogumo.
The jorogumo hits you!
The spark wasp is struck by your spines.
The spark wasp stings you but does no damage.
The jumping spider is struck by your spines.
You kill the jumping spider!
Makhleb accepts your kill. The jorogumo casts a spell at you.
The bolt of negative energy hits you!!!
You feel drained.
You struggle to detach yourself from the web.
The spark wasp bursts into living lightning!
The living lightning hits you!!
* * * LOW HITPOINT WARNING * * *
The spark wasp blinks!
The jorogumo hits you.
* * * LOW HITPOINT WARNING * * *
The spark wasp stings you!
* * * LOW HITPOINT WARNING * * *
The spark wasp shocks you!
You die...

....### ######^...#.#.
##..........$..# ###
#......#...^....#
....#..#......#......
......#.#.^##.......###
........?#^.......#.#^##
#y@§†.......#^.#.^.
#...H...#.#....#......
.....#..#......#.....^..
........^......^#.†...#.
.............#.^..†...#.
...<.......#^...#....#..
. ...........#..#.......
#########......^.......
#.8.8.........#


You could see a jorogumo (weak-willed) and a spark wasp.

Vanquished Creatures
  Saint Roka (Orc:2)
  A profane servitor (Abyss:3)
  Rupert (D:12)
  A shard shrike skeleton (Abyss:3)
  Jorgrun (Orc:1)
  4 deep elf blademasters
  4 deep elf master archers (Elf:3)
  4 tentacled starspawn (Abyss:3)
  Frances (Spider:1)
  A thorn hunter (Abyss:3)
  A ghost moth (Spider:4)
  2 emperor scorpions
  6 deep elf sorcerers
  2 deep elf elementalists (Elf:3)
  2 broodmothers (Spider:4)
  2 deep elf demonologists (Elf:3)
  A minotaur (Gauntlet)
  6 deep elf annihilators
  2 spark wasps
  6 deep elf death magi (Elf:3)
  A fire dragon (D:14)
  3 entropy weavers
  2 deep elf high priests (Elf:3)
  An ice dragon (Lair:3)
  A great orb of eyes (Gauntlet)
  4 hydras
  Fannar (D:12)
  3 vault guards (D:14)
  A jorogumo (Spider:4)
  3 ogre magi
  6 catoblepae
  6 two-headed ogres
  2 radroaches
  Erica (D:9)
  9 boulder beetles
  4 centaur warriors
  20 dancing weapons
  A tengu warrior (D:13)
  5 death yaks (Lair:5)
  A vampire mage (D:15)
  A thrashing horror (Abyss:3)
  An orc high priest (Orc:2)
  15 deep elf knights
  Sonja (D:12)
  Urug (Orc:2)
  Nergalle (Lair:3)
  Amaemon (D:9)
  A sixfirhy (Abyss:3)
  3 sun moths
  2 skysharks (Lair:5)
  2 skeletal warriors (D:15)
  3 orb spiders (Spider:2)
  8 pharaoh ants
  3 steelbarb worms
  A wizard (D:15)
  9 deep elf archers
  3 lindwurms
  21 deep elf zephyrmancers
  A necromancer (D:15)
  5 orc knights
  2 bog bodies (IceCv)
  15 wolf spiders
  26 deep elf pyromancers
  2 oklob plants (D:11)
  5 orc sorcerers
  2 worldbinders (Abyss:3)
  A frost giant zombie (D:15)
  7 ugly things
  7 cyclopes
  A will-o-the-wisp (Lair:3)
  5 moths of wrath
  7 manticores
  7 large abominations (Abyss:3)
  A guardian serpent (Lair:3)
  Maurice (D:9)
  A rust devil (Abyss:3)
  A stone giant skeleton (D:15)
  16 demonic crawlers
  A water nymph (Abyss:3)
  3 black mambas
  2 smoke demons
  7 torpor snails
  9 cane toads
  4 gargoyles
  An orange demon (D:9)
  A cane toad (shapeshifter) (Elf:3)
  Maggie (D:6)
  A kobold demonologist (D:13)
  3 rime drakes
  A freezing wraith (D:14)
  An unseen horror (D:12)
  Psyche (D:8)
  An ice devil (IceCv)
  An efreet (D:15)
  An unseen horror zombie (D:8)
  4 anaconda simulacra (IceCv)
  7 komodo dragons
  3 ancient zymes (Abyss:3)
  A guardian mummy (D:11)
  8 trolls
  4 polar bears
  A spectral jumping spider (Spider:4)
  21 tarantellas
  Prince Ribbit (Lair:3)
  22 blink frogs
  An ettin zombie (D:15)
  5 dream sheep (Lair:4)
  4 raiju (Abyss:3)
  10 slime creatures
  36 jumping spiders
  4 air elementals
  17 culicivoras
  2 ynoxinuls (Abyss:3)
  A spriggan skeleton (D:15)
  44 yaks
  A water elemental (Elf:3)
  2 wyverns
  2 shadows
  2 vampires
  6 starcursed masses (Abyss:3)
  2 dire elephant simulacra (IceCv)
  A hog (shapeshifter) (D:14)
  5 wraiths
  7 basilisks
  A fire elemental (Elf:1)
  4 chaos spawn (Abyss:3)
  50 redbacks
  A steam dragon (D:10)
  6 vampire mosquitoes
  A human (D:14)
  Eustachio (D:5)
  A neqoxec (Abyss:3)
  Menkaure (D:5)
  3 acid dragons
  2 wargs (Orc:2)
  Duvessa (D:5)
  9 water moccasins
  A naga skeleton (Abyss:3)
  2 sky beasts
  4 ogres
  29 orc warriors
  A black bear (D:8)
  3 wolves (Lair:3)
  13 centaurs
  4 kobold brigands
  15 bullfrogs
  3 gnoll sergeants
  3 scorpions (D:6)
  5 two-headed ogre simulacra (IceCv)
  7 small abominations
  2 cane toad simulacra (IceCv)
  5 earth elementals
  12 wights
  Dowan (D:5)
  4 elephant simulacra (IceCv)
  12 killer bees
  3 electric eels
  5 crimson imps
  A centaur zombie (D:8)
  6 jellies
  19 orc priests
  4 hounds
  2 gnoll boudas
  7 hell rats (Lair:4)
  26 orc wizards
  3 polar bear simulacra (IceCv)
  5 troll simulacra (IceCv)
  5 spriggan simulacra (IceCv)
  A killer bee zombie (D:8)
  4 wolf simulacra (IceCv)
  A howler monkey zombie (D:8)
  19 gnolls
  7 naga simulacra (IceCv)
  15 adders
  2 shadow imps
  8 white imps (IceCv)
  5 ufetubi
  2 worms
  2 dart slugs
  65 orcs
  4 bats
  14 endoplasms
  2 giant cockroaches
  A hobgoblin (D:4)
  4 jackals (D:2)
  16 kobolds
  3 quokkas
  4 ball pythons
  3 frilled lizards
  4 goblins
  3 rats
  A spectral hobgoblin (D:3)
  A lurking horror (Abyss:3)
1061 creatures vanquished.

Vanquished Creatures (collateral kills)
  A bone dragon (Abyss:3)
  A storm dragon (D:14)
  A stone giant (D:14)
  A vault guard (D:14)
  A boulder beetle (D:9)
  3 dancing weapons (Elf:2)
  A deep elf knight (Elf:2)
  An orange demon (Abyss:3)
  A polar bear (Lair:3)
  A raiju (Abyss:3)
  5 slime creatures (D:13)
  3 yaks (Lair:5)
  A water elemental (Abyss:3)
  A spriggan (shapeshifter) (Abyss:3)
  2 small abominations (Abyss:3)
  An orc wizard (D:9)
  2 briar patches (Abyss:3)
27 creatures vanquished.

Vanquished Creatures (others)
  A sixfirhy (Abyss:3)
  2 deep elf pyromancers
  A large abomination (Abyss:3)
  A hornet zombie (D:8)
  An orc wizard (D:9)
  An ufetubus (Abyss:3)
  19 bushes (Abyss:3)
  18 demonic plants
  14 foxfires (Lair:3)
  34 fungi
  56 plants
  8 starspawn tentacles (Abyss:3)
  3 withered plants (D:15)
159 creatures vanquished.

Grand Total: 1247 creatures vanquished

Notes
Turn   | Place    | Note
-------+----------+-------------------------------------------
     0 | D:1      | Flugkiller the Demonspawn Artificer began the quest for the
                  | Orb.
     0 | D:1      | Reached XP level 1. HP: 15/15 MP: 1/1
   323 | D:1      | Gained mutation: You are partially covered in icy blue
                  | scales. (AC +2) [demonic ancestry]
   323 | D:1      | Reached XP level 2. HP: 18/22 MP: 2/2
   984 | D:2      | Reached skill level 1 in Conjurations
  1001 | D:2      | Reached XP level 3. HP: 28/28 MP: 3/3
  1703 | D:3      | Found a faded altar of an unknown god.
  1761 | D:3      | Gained mutation: Spells you cast may paralyse adjacent
                  | enemies. [demonic ancestry]
  1761 | D:3      | Reached XP level 4. HP: 36/36 MP: 4/4
  1973 | D:3      | Reached skill level 1 in Dodging
  2424 | D:3      | Found a burning altar of Makhleb.
  2437 | D:3      | Reached skill level 1 in Polearms
  2437 | D:3      | Gained mutation: You are partially covered in sharp spines.
                  | [demonic ancestry]
  2437 | D:3      | Reached XP level 5. HP: 38/42 MP: 5/5
  2437 | D:3      | Found a radiant altar of Vehumet.
  2442 | D:3      | Became a worshipper of Makhleb the Destroyer
  2478 | D:4      | Noticed an ogre
  2619 | D:4      | Killed an ogre
  2620 | D:4      | Reached skill level 2 in Dodging
  2710 | D:4      | You fall into a shaft and drop 2 floors!
  2835 | D:6      | Reached skill level 3 in Dodging
  2990 | D:6      | Gained mutation: Your touch may inflict minor irresistible
                  | damage on your foes. [demonic ancestry]
  2990 | D:6      | Reached XP level 6. HP: 48/48 MP: 6/6
  3067 | D:6      | Reached skill level 4 in Dodging
  3130 | D:5      | Entered Level 5 of the Dungeon
  3173 | D:5      | Gained mutation: You are mostly covered in sharp spines.
                  | [demonic ancestry]
  3173 | D:5      | Reached XP level 7. HP: 39/55 MP: 7/7
  3648 | D:6      | Reached skill level 5 in Fighting
  3925 | D:5      | Noticed Duvessa
  3925 | D:5      | Noticed Dowan
  4390 | D:5      | Reached XP level 8. HP: 57/64 MP: 8/8
  4620 | D:4      | Reached * piety under Makhleb
  4697 | D:4      | Reached skill level 5 in Evocations
  4844 | D:4      | Found a staircase to the Ecumenical Temple.
  5390 | D:5      | Killed Duvessa
  5396 | D:5      | Killed Dowan
  5402 | D:5      | Noticed Menkaure
  5538 | D:4      | Reached skill level 1 in Spellcasting
  5547 | D:5      | Killed Menkaure
  5548 | D:5      | Reached skill level 1 in Ice Magic
  5691 | D:5      | Noticed Eustachio
  5698 | D:5      | Killed Eustachio
  6056 | D:7      | Noticed Maggie
  6068 | D:6      | Killed Maggie
  6069 | D:6      | Reached XP level 9. HP: 35/69 MP: 11/13
  6199 | D:6      | Learned a level 1 spell: Freeze
  6722 | D:7      | Reached skill level 5 in Dodging
  6722 | D:7      | Reached ** piety under Makhleb
  6989 | D:7      | Reached skill level 6 in Dodging
  6996 | D:7      | Reached skill level 1 in Invocations
  7401 | D:7      | Reached skill level 1 in Ranged Weapons
  7422 | D:7      | Noticed a freezing wraith
  8216 | D:8      | Noticed Psyche
  8219 | D:8      | Killed Psyche
  8261 | D:8      | Reached XP level 10. HP: 79/79 MP: 14/14
  8268 | D:8      | Reached *** piety under Makhleb
  8288 | D:8      | Reached skill level 5 in Invocations
  8444 | D:8      | Noticed a two-headed ogre
  8469 | D:8      | Killed a two-headed ogre
  8699 | D:8      | Reached skill level 5 in Ranged Weapons
  9258 | D:9      | Noticed Amaemon
  9259 | D:9      | Noticed an orange demon
  9284 | D:9      | Killed an orange demon
  9290 | D:9      | Killed Amaemon
  9657 | D:9      | Noticed a boulder beetle
  9689 | D:9      | Killed a boulder beetle
  9690 | D:9      | Reached XP level 11. HP: 78/89 MP: 15/17
  9800 | D:9      | Reached **** piety under Makhleb
 10016 | D:9      | Noticed a +0 short sword
 10017 | D:9      | Noticed a +0 falchion
 10018 | D:9      | Noticed a +0 dagger
 10020 | D:9      | Noticed a +0 falchion
 10020 | D:9      | Noticed a +0 dagger
 10020 | D:9      | Noticed a +0 spear
 10020 | D:9      | Noticed a +0 spear
 10020 | D:9      | Noticed a +0 short sword
 10025 | D:9      | Found a hide-covered altar of Uskayaw.
 10028 | D:9      | Found a transporter.
 10031 | D:9      | Found a transporter.
 10031 | D:9      | Noticed pener's ghost (journeyman MiHu)
 10039 | D:9      | Noticed Maurice
 10101 | D:9      | Killed Maurice
 10112 | D:9      | Noticed Erica
 10152 | D:9      | Killed Erica
 10153 | D:9      | Reached skill level 10 in Fighting
 10374 | D:9      | Found a staircase to the Orcish Mines.
 10724 | D:10     | Entered Level 10 of the Dungeon
 10755 | D:10     | Noticed Josephine
 10871 | D:10     | Noticed a two-headed ogre
 10878 | D:10     | Killed a two-headed ogre
 10879 | D:10     | Reached skill level 10 in Invocations
 11600 | D:11     | Reached skill level 7 in Dodging
 11789 | D:11     | Found a staircase to the Lair.
 11789 | D:11     | Noticed an oklob plant
 12225 | D:11     | Found a portal to a secret trove of treasure.
 12238 | D:11     | Reached skill level 8 in Dodging
 12610 | D:11     | Noticed an oklob plant
 12654 | D:11     | Killed an oklob plant
 12746 | D:11     | Killed an oklob plant
 12834 | Lair:1   | Entered Level 1 of the Lair of Beasts
 12875 | Lair:1   | Reached skill level 9 in Dodging
 12961 | D:11     | Reached ***** piety under Makhleb
 12962 | D:11     | Gained mutation: You are completely covered in sharp
                  | spines. [demonic ancestry]
 12962 | D:11     | Reached XP level 12. HP: 39/97 MP: 19/19
 13203 | Lair:1   | Reached skill level 10 in Dodging
 14132 | Lair:2   | Noticed a catoblepas
 14143 | Lair:2   | Killed a catoblepas
 15126 | Lair:3   | Found a frozen archway.
 15132 | Lair:3   | Noticed an ice dragon
 15179 | Lair:3   | Killed an ice dragon
 15189 | Lair:3   | HP: 3/97 [lindwurm/blast of flame (15)]
 15466 | Lair:3   | Reached skill level 1 in Long Blades
 15492 | IceCv    | Entered an ice cave
 17464 | IceCv    | Reached skill level 5 in Long Blades
 17581 | IceCv    | Identified the +1 pair of boots "Xacoehiruco" {Drain Str+4}
 17589 | IceCv    | Identified the +1 chain mail "Luisikh" {rPois}
 17594 | IceCv    | Identified the +9 sling "Jiumuad" {elec, rElec Will- Str+3
                  | SInv}
 17765 | Lair:3   | Noticed a boulder beetle
 17802 | Lair:3   | Killed a boulder beetle
 17803 | Lair:3   | Gained mutation: Spells you cast may paralyse nearby
                  | enemies. [demonic ancestry]
 17803 | Lair:3   | Reached XP level 13. HP: 70/103 MP: 23/23
 18000 | Lair:3   | Noticed Prince Ribbit
 18006 | Lair:3   | Killed Prince Ribbit
 18190 | Lair:3   | Found a hole to the Spider Nest.
 18256 | Lair:3   | Found a staircase to the Swamp.
 18327 | Lair:3   | Noticed Nergalle
 18339 | Lair:3   | Killed Nergalle
 19261 | Lair:3   | Found the +3 pair of seven-league boots {Rampage+∞}
 19364 | Lair:4   | Reached ****** piety under Makhleb
 20471 | Lair:5   | Entered Level 5 of the Lair of Beasts
 20974 | Lair:5   | Gained mutation: Spells you cast and wands you use may
                  | paralyse nearby enemies. [demonic ancestry]
 20974 | Lair:5   | Reached XP level 14. HP: 54/111 MP: 24/24
 21346 | Lair:5   | Found a staircase to the Slime Pits.
 21460 | Lair:5   | Reached skill level 11 in Dodging
 22439 | D:12     | Found a gate leading to a gauntlet.
 22469 | Gauntlet | Entered a Gauntlet
 22469 | Gauntlet | Found a transporter.
 22476 | Gauntlet | Found a transporter.
 22478 | Gauntlet | Found a transporter.
 22487 | Gauntlet | Found a runed translucent door.
 22489 | Gauntlet | Found a transporter.
 22491 | Gauntlet | Found a transporter.
 22504 | Gauntlet | Found a transporter.
 22519 | Gauntlet | Found a transporter.
 22530 | Gauntlet | Found a transporter.
 22542 | Gauntlet | Found a transporter.
 22568 | Gauntlet | Found a transporter.
 22583 | Gauntlet | Found a transporter.
 22583 | Gauntlet | Found a transporter.
 22635 | Gauntlet | Found a transporter.
 22639 | Gauntlet | Found a transporter.
 22952 | Gauntlet | Identified the ring "Pigou" {rN+ Str+6}
 23193 | Gauntlet | Got the Folio of the Shapeshifter
 23373 | D:12     | Noticed Fannar
 23405 | D:12     | Killed Fannar
 23406 | D:12     | Reached skill level 10 in Long Blades
 23869 | D:12     | Noticed Sonja
 23871 | D:12     | Killed Sonja
 23942 | D:12     | Noticed Rupert
 23949 | D:12     | Killed Rupert
 24486 | D:13     | Reached skill level 12 in Dodging
 25540 | D:14     | Reached skill level 1 in Necromancy
 25791 | D:14     | Reached skill level 1 in Earth Magic
 26046 | D:14     | Noticed a stone giant
 26046 | D:14     | Noticed a storm dragon
 26592 | D:14     | Gained mutation: You are mostly covered in icy blue scales.
                  | (AC +3) [demonic ancestry]
 26592 | D:14     | Reached XP level 15. HP: 120/120 MP: 25/25
 26816 | D:14     | Killed a storm dragon
 27757 | D:14     | Identified the +7 quarterstaff of Vexem {freeze, Will+
                  | Int+4 Dex+2}
 28311 | D:14     | Found a gate to the Vaults.
 28464 | D:14     | Learned a level 5 spell: Borgnjor's Vile Clutch
 28556 | D:15     | Entered Level 15 of the Dungeon
 28563 | D:15     | Identified the +2 pair of gloves of Qirreasm {rF+}
 29461 | D:15     | Found a staircase to the Depths.
 29484 | D:15     | Reached skill level 5 in Spellcasting
 29778 | D:15     | Reached skill level 5 in Necromancy
 30226 | Orc:1    | Entered Level 1 of the Orcish Mines
 30433 | Orc:1    | Noticed Jorgrun
 30447 | Orc:1    | Killed Jorgrun
 30449 | Orc:1    | Reached skill level 5 in Earth Magic
 30592 | Orc:2    | Entered Level 2 of the Orcish Mines
 30592 | Orc:2    | Found a staircase to the Elven Halls.
 30698 | Orc:2    | Noticed Urug
 30701 | Orc:2    | Noticed Saint Roka
 30982 | Orc:2    | Found Ginicw's Firing Range.
 31149 | Orc:2    | Killed Urug
 31574 | Orc:2    | Killed Saint Roka
 31791 | Orc:2    | Found Paizy's General Store.
 31794 | Orc:2    | Found Tuibajaw's Antique Armour Emporium.
 32003 | Orc:2    | Found Ywir's Book Emporium.
 32108 | Orc:2    | Found Imnuuwky's Antique Weapon Emporium.
 32430 | Spider:1 | Entered Level 1 of the Spider Nest
 32746 | Elf:1    | Entered Level 1 of the Elven Halls
 32878 | Elf:1    | Gained mutation: You are completely covered in icy blue
                  | scales. (AC +4, rC+) [demonic ancestry]
 32878 | Elf:1    | Reached XP level 16. HP: 64/127 MP: 26/26
 33124 | Elf:1    | Found Reebivel's Magic Scroll Emporium.
 33124 | Elf:1    | You fall into a shaft and drop 1 floor!
 33486 | Abyss:3  | Found a corrupted altar of Lugonu.
 33486 | Abyss:3  | Cast into level 3 of the Abyss (+2 hand axe of distortion)
 33664 | Abyss:3  | Noticed a tentacled starspawn
 33670 | Abyss:3  | Killed a tentacled starspawn
 33988 | Abyss:3  | Paralysed by accursed screaming for 1 turns
 34016 | Abyss:3  | Found a corrupted altar of Lugonu.
 34030 | Abyss:3  | Noticed a tentacled starspawn
 34037 | Abyss:3  | Killed a tentacled starspawn
 34040 | Elf:2    | Escaped the Abyss
 34043 | Elf:2    | Reached skill level 10 in Necromancy
 34201 | Elf:2    | Noticed a deep elf blademaster
 34211 | Elf:2    | Killed a deep elf blademaster
 34242 | Elf:2    | Found a runed translucent gate.
 34242 | Elf:2    | Found a runed translucent gate.
 34565 | Elf:2    | Paralysed by an air elemental for 1 turns
 34887 | Elf:2    | Reached skill level 10 in Earth Magic
 34893 | Elf:2    | Found a runed translucent gate.
 35319 | Elf:1    | Paralysed by an air elemental for 1 turns
 35646 | Elf:1    | Identified the +2 hand axe "Sediav" {venom, Int+5}
 35811 | Elf:1    | Found Paun Otagrye's Armour Emporium.
 36283 | Elf:3    | Entered Level 3 of the Elven Halls
 36297 | Elf:3    | Reached skill level 13 in Dodging
 36370 | Elf:3    | Found a huge runed translucent gate.
 36370 | Elf:3    | Found a huge runed translucent gate.
 36370 | Elf:3    | Found a huge runed translucent gate.
 36370 | Elf:3    | Found a huge runed translucent gate.
 36370 | Elf:3    | Found a huge runed translucent gate.
 36370 | Elf:3    | Found a huge runed translucent gate.
 36371 | Elf:3    | Found a huge runed translucent gate.
 36628 | Elf:3    | Gained mutation: Your touch may inflict irresistible damage
                  | on your foes. [demonic ancestry]
 36628 | Elf:3    | Reached XP level 17. HP: 52/136 MP: 27/27
 37529 | Elf:3    | Found a huge runed translucent gate.
 37659 | Elf:3    | Identified the +6 double sword of the Beast {elec, Str+3}
 37659 | Elf:3    | Noticed a deep elf blademaster
 38064 | Elf:3    | Noticed a deep elf master archer
 38079 | Elf:3    | Killed a deep elf master archer
 38200 | Elf:3    | Noticed a deep elf blademaster
 38212 | Elf:3    | Killed a deep elf blademaster
 38310 | Elf:3    | Noticed a deep elf blademaster
 38321 | Elf:3    | Killed a deep elf blademaster
 38325 | Elf:3    | Reached skill level 14 in Dodging
 38654 | Elf:3    | Noticed a deep elf master archer
 38667 | Elf:3    | Killed a deep elf master archer
 39045 | Elf:3    | Noticed a deep elf master archer
 39059 | Elf:3    | Killed a deep elf master archer
 39060 | Abyss:3  | Cast into level 3 of the Abyss (a deep elf demonologist)
 39236 | Abyss:3  | Found a corrupted altar of Lugonu.
 39242 | Abyss:3  | Found a corrupted altar of Lugonu.
 39314 | Abyss:3  | Found a shimmering altar of Xom.
 39328 | Abyss:3  | Found a shimmering altar of Xom.
 39443 | Abyss:3  | Noticed a profane servitor
 39455 | Abyss:3  | Killed a profane servitor
 39459 | Abyss:3  | Reached skill level 15 in Dodging
 39477 | Abyss:3  | Noticed a bone dragon
 39496 | Abyss:3  | Killed a bone dragon
 39513 | Elf:3    | Escaped the Abyss
 40327 | Elf:3    | Identified the +1 hat "Suewobass" {rElec rPois rF- Str+7}
 40375 | Elf:3    | Identified the +8 chain mail "Gaosch" {rC+ Will- Regen+
                  | Str+4}
 40398 | Elf:3    | Noticed a deep elf master archer
 40417 | Elf:3    | Killed a deep elf master archer
 40523 | Elf:3    | Identified the +6 scimitar of Flugkiller's Woe {venom, Fly
                  | rElec rC+++ Str+2}
 40745 | Elf:3    | Identified the +5 trident of Sudden Death {flame, Will++}
 40764 | Elf:3    | Got the Lectures on Twinkling Burning
 40770 | Elf:3    | Identified the +0 quarterstaff of the Shoals {pain, Fragile
                  | rCorr MP+9 Dex-3}
 40798 | Elf:3    | Identified the +0 great sword "Spiderbane" {spect, *Rage
                  | rPois rN+ Stlth+}
 40812 | Elf:3    | Identified the +1 ring mail of the Equinox {rN++ Str+9
                  | Dex-3 SInv}
 40936 | Elf:3    | Identified the +5 double sword of Internal Strife
                  | {antimagic, *Slow Int+4}
 40936 | Elf:3    | Noticed a deep elf blademaster
 40969 | Elf:3    | Killed a deep elf blademaster
 41585 | Orc:2    | Bought an encrusted leather armour for 231 gold pieces
 41585 | Orc:2    | Identified the +0 leather armour of the Brewing Gods
                  | {Will+} (You bought it in a shop on level 2 of the Orcish
                  | Mines)
 41965 | Spider:1 | Reached skill level 16 in Dodging
 42242 | Spider:1 | Gained mutation: Your touch may irresistibly damage your
                  | foes and sap their willpower. [demonic ancestry]
 42242 | Spider:1 | Reached XP level 18. HP: 145/146 MP: 17/28
 42673 | Spider:1 | Noticed Frances
 42681 | Spider:1 | Killed Frances
 42682 | Spider:1 | Reached skill level 1 in Translocations
 42889 | Spider:1 | Learned a level 3 spell: Vhi's Electric Charge
 42892 | Spider:1 | Learned a level 2 spell: Lesser Beckoning
 43987 | Spider:3 | Identified the +1 scale mail of Melancholy {rPois}
 44289 | Spider:4 | Entered Level 4 of the Spider Nest
 44390 | Spider:4 | Reached skill level 5 in Translocations
 44678 | Spider:4 | Slain by a spark wasp

Illustrated notes

Levels and vault maps discovered:
D:1:      psy_arrival_terrarium, layout_basic, minmay_misc_feat_five,
          dreamdust_princess_bridge
D:2:      layout_rooms, grunt_ministairs_2, serial_bayou_lagoon_a, hex_medium,
          kennysheep_nub
D:3:      wad_pebble_path, layout_rooms,
          grunt_temple_overflow_lords_of_destruction,
          dreamdust_ecumenical_altar_drowned_temple
D:4:      layout_basic, minmay_temple_entry_wispy, bh_walls_and_bars
D:5:      layout_loops_ring, grunt_decor_mini_mirrors,
          kennysheep_generic_room_12, uniq_eustachio, uniq_menkaure,
          uniq_duvessa
D:6:      layout_basic, elyvilon_altar_4
D:7:      layout_loops_ring, minmay_three_doors, uniq_maggie
D:8:      layout_loops_cross, serial_undead, serial_undead_a, serial_undead_d,
          serial_undead_c, serial_undead_b, serial_undead_c,
          minmay_increasing_density, uniq_psyche
D:9:      layout_grid_maze, nicolae_uskayaw_en_pointe, orc_0_dummy,
          gammafunk_ghost_arena, kennysheep_path_1, uniq_amaemon, uniq_erica,
          uniq_maurice
D:10:     cheibrodos_helix_gallery, layout_irregular_city,
          minmay_misc_feat_diagonals, uniq_josephine
D:11:     layout_loops_ring, dpeg_oklobed_lair,
          nicolae_trove_entry_path_of_doom, nicolae_tso_swordbearing_angel
D:12:     layout_loops_corners, gauntlet_entry_generic, minmay_starry_boxes,
          uniq_rupert, uniq_fannar, uniq_sonja
D:13:     layout_basic, grunt_decor_cap
D:14:     kennysheep_water_balloons, layout_long_grid,
          grunt_vaults_entry_fortified, dk_noncrumbling_4, grunt_decor_clamped
D:15:     gammafunk_depths_entry_grave, layout_basic, nicolae_hexahallways,
          serial_curves, eino_curves_01, eino_curves_02, minivault_10,
          chequers_serial_rivers_micro_d
Lair:1:   layout_cave_pods, nicolae_quartered_pool_impasse, grunt_megastairs_1,
          lemuel_fruit_tree
Lair:2:   layout_small_grid
Lair:3:   layout_regular_city, minmay_swamp_entry_wisps,
          nicolae_spider_entry_tight_spaces,
          portal_ice_cave_entry_animals_and_master,
          hellmonk_guarded_unrand_seven_league_boots, uniq_nergalle,
          uniq_prince_ribbit2
Lair:4:   lemuel_slime, layout_cave_pods, serial_bayou_shore_a,
          lemuel_fruit_fields
Lair:5:   evilmike_catoblepas_cave, layout_hall_layers,
          dpeg_slime_entry_enclosed, infiniplex_staircase_pool
Spider:1: layout_cave_pods, uniq_frances
Spider:2: layout_spider_delve, worms_lemuel
Spider:3: layout_spider_delve, einodemon_crawler_minivault
Spider:4: floodkiller_spider_rune_tomb
Orc:1:    layout_caves, basic_altar, uniq_jorgrun
Orc:2:    grunt_orc_cross, layout_caves, special_room, nicolae_shop_firing_range
Elf:1:    elf_arrival_002, layout_geoelf_grid, serial_shops,
          nicolae_shop_hallway_plus, shop, minmay_elf_annihilation,
          grunt_ministairs_1, hangedman_elven_ridges
Elf:2:    nicolae_elf_blades_crystal_corner, layout_gridlike, serial_glass,
          glass_columns_a, glass_columns_a, glass_columns_a, glass_columns_c,
          glass_columns_a, glass_columns_a
Elf:3:    minmay_elf_hall, layout_geoelf_castle,
          nicolae_elf_double_double_double_trouble

Skill      XL: |  1  2  3  4  5  6  7  8  9 10 11 12 13 14 15 16 17 18 |
---------------+-------------------------------------------------------+-----
Fighting       | 2 3 4 6 7 9 10 12 13 14 | 14.0
Conjurations   | 1 |  1.0
Dodging        | 1 3 4 6 9 10 12 13 16 | 16.0
Polearms       | 1 2 4 |  4.0
Evocations     | 4 6 8 |  8.0
Spellcasting   | 3 5 7 |  7.6
Ice Magic      | 3 4 |  4.0
Invocations    | 4 8 10 14 | 14.0
Ranged Weapons | 3 6 |  6.0
Long Blades    | 5 9 11 12 13 | 13.7
Necromancy     | 2 8 10 | 10.0
Earth Magic    | 1 7 10 | 10.0
Translocations | 5 |  5.5
Armour         | |  1.7
Stealth        | |  0.8

Action                     |  1- 3 |  4- 6 |  7- 9 | 10-12 | 13-15 | 16-18 || total
---------------------------+-------+-------+-------+-------+-------+-------++-------
  Melee: Staff             |   122 |    45 |       |       |       |       ||   167
         Club              |    11 |       |       |       |       |       ||    11
         Punch             |     3 |     4 |     3 |       |    12 |     9 ||    31
         Trident           |       |    76 |   104 |       |       |       ||   180
         Touch             |       |     6 |    36 |       |   174 |   178 ||   394
         Spear             |       |       |    92 |       |       |       ||    92
         Halberd           |       |       |     8 |       |       |       ||     8
         Longbow           |       |       |       |     1 |       |       ||     1
         Scimitar          |       |       |       |     7 |  1059 |   564 ||  1630
         Double sword      |       |       |       |       |       |   454 ||   454
   Fire: Longbow           |       |       |    51 |   758 |       |       ||   809
         Sling             |       |       |       |    18 |    23 |       ||    41
   Cast: Freeze            |       |       |     5 |       |    22 |       ||    27
         Borgnjor's Vile C |       |       |       |       |       |    63 ||    63
         Lesser Beckoning  |       |       |       |       |       |     8 ||     8
 Invoke: Lesser Servant of |       |       |       |     8 |     5 |     3 ||    16
         Minor Destruction |       |       |       |    14 |       |       ||    14
         Major Destruction |       |       |       |     3 |     3 |       ||     6
         Greater Servant o |       |       |       |       |     7 |     2 ||     9
  Evoke: Wand              |       |     6 |    11 |    19 |    19 |     2 ||    57
         Phial of floods   |       |       |       |     1 |     1 |     1 ||     3
         Box of beasts     |       |       |       |       |       |     1 ||     1
    Use: Scroll            |     5 |     2 |     1 |    14 |    17 |     6 ||    45
         Potion            |     3 |       |     1 |     3 |     5 |     2 ||    14
   Stab: Sleeping          |     3 |       |     1 |       |     1 |     3 ||     8
         Distracted        |     1 |       |       |       |     1 |     2 ||     4
         Paralysed         |       |       |       |       |    52 |    68 ||   120
         Petrified         |       |       |       |       |     1 |       ||     1
 Armour: Leather armour    |    54 |    59 |    42 |     9 |       |       ||   164
         Ring mail         |       |       |       |   223 |   379 |   255 ||   857
  Dodge: Dodged            |   103 |    71 |   140 |   423 |   818 |  1066 ||  2621

Table legend: (Time is in decaauts)
 A = Elapsed time spent in this place.
 B = Non-inter-level travel time spent in this place.
 C = Inter-level travel time spent in this place.
 D = Time resting spent in this place.
 E = Time spent auto-exploring this place.
 F = Levels seen in this place.
 G = Mean time per level.
                   A        B        C        D        E       F      G
               +--------+--------+--------+--------+--------+-----+--------+
         Total |  45031 |  41717 |   3314 |  14068 |  17377 |  33 | 1364.6 |
       Dungeon |  20822 |  18781 |   2041 |   5167 |   9246 |  15 | 1388.1 |
          Lair |   8018 |   7239 |    779 |   2256 |   3512 |   5 | 1603.6 |
   Spider Nest |   2740 |   2691 |     49 |    293 |   1530 |   4 |  685.0 |
  Orcish Mines |   2090 |   1916 |    174 |    815 |    665 |   2 | 1045.0 |
   Elven Halls |   7271 |   7002 |    269 |   3765 |   1708 |   3 | 2423.7 |
         Abyss |    972 |    972 |      0 |    397 |      0 |   2 |  486.0 |
      Ice Cave |   2359 |   2359 |      0 |   1052 |    490 |   1 | 2359.0 |
      Gauntlet |    755 |    755 |      0 |    323 |    225 |   1 |  755.0 |
               +--------+--------+--------+--------+--------+-----+--------+

Top non-repeatable levels by time:
   Elf:3: 4160 daAuts
    D:14: 3501 daAuts
   IceCv: 2359 daAuts
  Lair:3: 2292 daAuts
     D:6: 1984 daAuts
     D:9: 1886 daAuts
  Lair:5: 1801 daAuts
    D:11: 1745 daAuts
   Elf:2: 1696 daAuts
     D:7: 1483 daAuts
  Lair:2: 1448 daAuts
   Elf:1: 1414 daAuts
    D:12: 1401 daAuts
  Lair:1: 1301 daAuts
     D:8: 1297 daAuts
